 Dungeon Crawl Stone Soup version 0.25.0-9-g26727b657a (console) character file.

Game seed: 4122129782622669917

339 bli the Skirmisher (level 6, 0/49 HPs)
             Began as a Formicid Abyssal Knight on June 19, 2020.
             Was a Believer of Lugonu.
             Slain by a quokka (1 damage)
             ... summoned by Eustachio
             ... on level 4 of the Dungeon.
             The game lasted 00:09:08 (2547 turns).

bli the Skirmisher (Formicid Abyssal Knight)        Turns: 2547, Time: 00:09:09

Health: 0/49       AC:  6    Str: 17    XL:     6   Next: 86%
Magic:  7/7        EV: 11    Int: 11    God:    Lugonu [**....]
Gold:   46         SH:  0    Dex: 12    Spells: 5/5 levels left

rFire    . . .     SeeInvis +   a - +1 hand axe
rCold    . . .     Gourm    .   (no shield)
rNeg     . . .     Faith    .   h - +1 ring mail {MR+}
rPois    .         Spirit   .   (helmet unavailable)
rElec    .         Reflect  .   (no cloak)
rCorr    +         Harm     .   (no gloves)
MR       +....                  (no boots)
Stlth    +.........             (no amulet)
HPRegen  0.16/turn              p - ring of teleportation (curse)
MPRegen  0.10/turn              r - ring of resist corrosion

@: no status effects
A: permanent stasis, dig shafts and tunnels, four strong arms, antennae 3
a: Dig, Shaft Self, Depart the Abyss, Bend Space, Renounce Religion


You were on level 4 of the Dungeon.
You worshipped Lugonu.
Lugonu was pleased with you.
You were hungry.

You visited 1 branch of the dungeon, and saw 4 of its levels.
You visited the Abyss 1 time.

You collected 46 gold pieces.

Inventory:

Hand Weapons
 a - a +1 hand axe (weapon)
 t - a +0 flail of draining
 u - a +1 flail of protection
Missiles
 d - 117 stones (quivered)
 g - 4 poisoned darts
 o - a throwing net
 v - 5 boomerangs
Armour
 b - a +0 leather armour
 h - a +1 ring mail of magic resistance (worn)
 l - a +0 leather armour
Jewellery
 p - a cursed ring of teleportation (left hand)
 r - a ring of resist corrosion (right hand)
Scrolls
 e - 3 scrolls of identify {unknown}
 j - 2 scrolls of remove curse
 k - 2 scrolls of immolation {unknown}
Potions
 f - a potion of curing {unknown}
 i - a potion of lignification {unknown}
 m - 2 potions of heal wounds {unknown}
 n - a potion of ambrosia {unknown}
 q - a potion of stabbing {unknown}
Comestibles
 c - 3 rations


   Skills:
 + Level 4.5 Fighting
 + Level 4.4 Axes
 + Level 4.0 Armour
 + Level 2.1 Dodging
 + Level 0.3 Stealth
 + Level 2.4 Invocations


You had 5 spell levels left.
You didn't know any spells.
Your spell library was empty.

Dungeon Overview and Level Annotations

Branches:
Dungeon (4/15)
 Temple: D:4-7

Altars:

Annotations:
D:3 Sigmund
D:4 Eustachio


Innate Abilities, Weirdness & Mutations

You cannot be hasted, slowed, berserked, paralysed or teleported.
You can dig through walls and to a lower floor.
Your four strong arms can wield two-handed weapons with a shield.
You have a pair of large antennae on your head. (SInv)


Message History

You miss Eustachio.
Eustachio is lightly wounded.
You closely miss the river rat. You hit the river rat but do no damage.
You miss the quokka. You hit the bat. The bat hits you but does no damage.
The quokka bites you but does no damage.
The river rat misses you.
Eustachio zaps a wand.
You resist with almost no effort.
The now-empty wand crumbles to dust.
The river rat bites you.
* * * LOW HITPOINT WARNING * * *
The quokka bites you.
* * * LOW HITPOINT WARNING * * *
Your ring mail prevents you from hitting Eustachio.
Eustachio is lightly wounded.
You hit the quokka but do no damage.
You hit the river rat but do no damage. x2; The bat completely misses you.
The river rat bites you.
* * * LOW HITPOINT WARNING * * *
Eustachio mumbles some strange words.
Eustachio blinks!
The river rat bites you.
* * * LOW HITPOINT WARNING * * *
The quokka bites you.
You die...

# ############ # #..........#
# #..........#
####..........#
...#..........#
...#..........#
...#..........#
...#..........#####
####..............#
......##......b§rr# #
#####.##........@.#####.#.#..
...............r.....)(......
#######^..........#.###.#...#
#...........#..# # .
#........@..##.##
#######.############..#
.....##.#############.#.#
.....##.................#
.....#################.##
.....# ##### ..#
)....###..... ....


You could see Eustachio, 2 river rats, a quokka (summoned) and a bat (summoned).

Vanquished Creatures
  An ogre (D:4)
  A howler monkey (D:4)
  A bullfrog skeleton (D:4)
  An orc priest (D:4)
  A worker ant (D:4)
  A hound skeleton (D:4)
  A gnoll (D:1)
  4 adders
  3 worms
  2 dart slugs (D:1)
  4 orcs (D:4)
  13 bats
  4 giant cockroaches
  4 hobgoblins
  7 kobolds
  A quokka (D:2)
  A ball python (D:2)
  5 frilled lizards
  8 goblins
  A leopard gecko skeleton (D:4)
  8 rats
72 creatures vanquished.

Notes
Turn   | Place    | Note
-------+----------+-------------------------------------------
     0 | Abyss:1  | bli the Formicid Abyssal Knight began the quest for the
                  | Orb.
     0 | Abyss:1  | Reached XP level 1. HP: 18/18 MP: 2/2
    99 | Abyss:1  | Noticed a raiju
   102 | D:1      | Escaped the Abyss
   124 | D:1      | Reached skill level 1 in Dodging
   126 | D:1      | Reached * piety under Lugonu
   177 | D:1      | Reached XP level 2. HP: 22/24 MP: 3/3
   237 | D:1      | Reached XP level 3. HP: 19/30 MP: 4/4
   778 | D:2      | Reached XP level 4. HP: 37/37 MP: 5/5
   831 | D:2      | Reached ** piety under Lugonu
  1636 | D:3      | Reached XP level 5. HP: 19/42 MP: 6/6
  1862 | D:3      | Noticed Sigmund
  2217 | D:4      | Reached XP level 6. HP: 26/49 MP: 7/7
  2517 | D:4      | Noticed an ogre
  2521 | D:4      | Noticed Eustachio
  2529 | D:4      | Killed an ogre
  2547 | D:4      | HP: 1/49 [river rat[Eustachio] (5)]
  2547 | D:4      | Slain by a quokka

Illustrated notes

Levels and vault maps discovered:
D:1:      giann_forest_graveyard, layout_rooms
D:2:      layout_loops_ring
D:3:      layout_loops_ring, first_ration, portal_sewer_entry_b,
          uniq_crazy_yiuf_cottage, uniq_sigmund
D:4:      layout_basic, guppyfry_early_lair_pool, uniq_eustachio

Skill      XL: |  1  2  3  4  5  6 |
---------------+-------------------+-----
Dodging        | 1 2 |  2.1
Fighting       | 4 |  4.5
Axes           | 3 4 |  4.4
Armour         | 3 4 |  4.0
Stealth        | |  0.3
Invocations    | |  2.4

Action                   |  1- 3 |  4- 6 || total
-------------------------+-------+-------++-------
Melee: Hand axe          |    78 |   184 ||   262
Throw: Stone             |     2 |     5 ||     7
Invok: Depart the Abyss  |     1 |       ||     1
  Use: Scroll            |     1 |       ||     1
  Eat: Chunk             |       |     5 ||     5
Armor: Leather armour    |    18 |       ||    18
       Ring mail         |    16 |    57 ||    73
Dodge: Dodged            |    54 |   104 ||   158
